 Dungeon Crawl Stone Soup version 0.21.1-1-g345015f (webtiles) character file.

7583 prawnwizard the Grappler (level 10, -1/153 HPs)
             Began as a Troll Berserker on July 10, 2018.
             Was an Elder of Trog.
             Hit by a tomahawk thrown by an orc (6 damage)
             ... on level 9 of the Dungeon.
             The game lasted 00:07:31 (5571 turns).

prawnwizard the Grappler (Troll Berserker)          Turns: 5571, Time: 00:07:32

Health: -1/153     AC:  7    Str: 34    XL:     10   Next: 97%
Magic:  8/9        EV: 13    Int:  3    God:    Trog [****..]
Gold:   309        SH:  0    Dex: 10    Spells: 9/9 levels left

rFire    + . .     SeeInvis .     - Unarmed
rCold    . . .     Gourm    +   (no shield)
rNeg     . . .     Faith    .   a - +0 animal skin
rPois    .         Spirit   .   w - +2 hat
rElec    .         Reflect  .   (no cloak)
rCorr    .         Harm     .   (gloves unavailable)
MR       .....                  (boots unavailable)
Stlth    ..........             (no amulet)
HPRegen  0.75/turn              c - ring of protection from fire
MPRegen  0.11/turn              m - ring of flight

@: berserking (expiring), very quick
A: large, unfitting armour, claws 3, fast metabolism 3, gourmand, regeneration
1, shaggy fur 1, tough skin 2
a: Berserk, Trog's Hand, Brothers in Arms, Burn Spellbooks, Renounce Religion,
Evoke Flight


You were on level 9 of the Dungeon.
You worshipped Trog.
Trog was greatly pleased with you.
You were very full.

You visited 1 branch of the dungeon, and saw 10 of its levels.

You collected 309 gold pieces.

Inventory:

Armour
 a - a +0 animal skin (worn)
 w - a +2 hat (worn)
Jewellery
 c - a ring of protection from fire (left claw)
 m - a ring of flight (right claw)
 F - an uncursed ring of see invisible {unknown}
Wands
 v - a wand of iceblast (9)
 A - a wand of flame (18)
Scrolls
 d - 13 scrolls of identify {unknown}
 j - 2 scrolls of teleportation {unknown}
 k - 7 scrolls of remove curse {unknown}
 l - a scroll of enchant weapon {unknown}
 o - a scroll of fear {unknown}
 r - 2 scrolls of blinking {unknown}
 u - 2 scrolls of noise {unknown}
 x - a scroll of fog {unknown}
 y - a scroll of magic mapping {unknown}
 C - a scroll of enchant armour {unknown}
 D - a scroll of amnesia {unknown}
 E - a scroll of silence {unknown}
Potions
 e - 3 potions of curing {unknown}
 f - 3 potions of might {unknown}
 g - a potion of cancellation {unknown}
 h - a potion of mutation {unknown}
 i - a potion of degeneration {unknown}
 n - a potion of agility
 p - a potion of resistance {unknown}
 q - a potion of berserk rage {unknown}
 s - a potion of heal wounds {unknown}
 t - a potion of ambrosia {unknown}
 B - a potion of lignification {unknown}
Comestibles
 b - 23 rations
 z - a chunk of flesh


   Skills:
 + Level 7.6 Fighting
 + Level 7.5 Dodging
 * Level 12.1 Unarmed Combat


You had 9 spell levels left.
You didn't know any spells.

Dungeon Overview and Level Annotations

Branches:
Dungeon (10/15)            Temple (0/1) D:4            Lair (0/6) D:8
    Orc: D:9-12

Altars:
Okawaru

Shops:
D:7 =

Annotations:
D:10 Nergalle


Innate Abilities, Weirdness & Mutations

You are too large for most types of armour.
You have claws for hands.
Your metabolism is lightning-fast.
You like to eat raw meat.
Your natural rate of healing is unusually fast.
You are covered in fur. (AC +1)
You have very tough skin. (AC +2)


Message History

You destroy the adder zombie!
Trog accepts your kill.
Your ogre hits the worker ant with a giant club.
You barely miss the worker ant.
You kill the worker ant!
Trog accepts your kill.
You barely miss the orc wizard.
The orc throws a tomahawk.
The tomahawk closely misses you.
Your ogre hits the orc wizard with a giant club!!
The orc wizard dies!
Trog accepts your kill.
Trog appreciates your killing of a magic user.
You barely miss the orc. You claw the orc!
You feel the power of Trog in you as your rage grows.
You kill the orc!
Trog accepts your kill.
Your ogre rages.
The orc throws a tomahawk.
The tomahawk hits you.
You die...

#..........#
#.....$....#
#..........#
#..........#
+..........#
#..........#
#..........#
#....>@....#
#...O))....#
#..........#
##..o#######
###o .. ...
....


You could see 2 orcs and a friendly ogre (berserk).

Vanquished Creatures
  2 two-headed ogres (D:8)
  Pikel (D:6)
  Psyche (D:9)
  The ghost of Glennnyy the Shield-Bearer, a novice GrFi (D:5)
  The ghost of Wapistan the Conjurer, an amateur DrCj (D:4)
  A hippogriff (D:8)
  A wraith (D:7)
  Eustachio (D:5)
  4 yaks (D:10)
  A hungry ghost (D:7)
  A steam dragon (D:8)
  2 insubstantial wisps (D:8)
  Duvessa (D:5)
  2 ice beasts (D:5)
  2 orc warriors
  8 sky beasts
  2 black bears
  A hornet zombie (D:6)
  A centaur (D:7)
  3 ogres
  The ghost of Scar the Chopper, an amateur DsGl of Makhleb (D:3)
  Blork the orc (D:5)
  A bullfrog (D:10)
  A gnoll sergeant (D:8)
  Dowan (D:5)
  A scorpion (D:8)
  A bullfrog zombie (D:8)
  2 centaur zombies (D:7)
  5 hounds
  A centaur skeleton (D:6)
  An orc priest (D:4)
  3 jellies
  A bullfrog skeleton (D:8)
  2 orc wizards
  7 worker ants
  A worker ant zombie (D:6)
  9 gnolls (D:8)
  12 adders
  2 oozes
  An adder zombie (D:9)
  2 adder skeletons
  A worm (D:2)
  A dart slug (D:4)
  3 leopard geckos
  21 orcs
  2 giant cockroaches
  3 goblins
  7 hobgoblins
  13 jackals
  4 quokkas
  2 bats
  A frilled lizard (D:5)
  4 kobolds
  3 rats
158 creatures vanquished.

Vanquished Creatures (collateral kills)
  The ghost of Ekaitz the Grappler, a novice TrMo of Wu Jian (D:9)
  An orc wizard (D:9)
2 creatures vanquished.

Grand Total: 160 creatures vanquished

Notes
Turn   | Place    | Note
-------+----------+-------------------------------------------
     0 | D:1      | prawnwizard the Troll Berserker began the quest for the Orb.
     0 | D:1      | Reached XP level 1. HP: 22/22 MP: 0/0
   357 | D:1      | Reached XP level 2. HP: 28/29 MP: 1/1
   745 | D:2      | Found an iron altar of Okawaru.
   940 | D:2      | Reached XP level 3. HP: 36/36 MP: 2/2
  1211 | D:3      | Reached ** piety under Trog
  1211 | D:3      | Reached skill level 4 in Unarmed Combat
  1246 | D:3      | Reached XP level 4. HP: 45/45 MP: 3/3
  1482 | D:3      | Noticed Scar's ghost (amateur DsGl)
  1489 | D:3      | Killed Scar's ghost
  1489 | D:3      | Reached XP level 5. HP: 51/53 MP: 4/4
  1687 | D:4      | Noticed Wapistan's ghost (amateur DrCj)
  1703 | D:4      | Killed Wapistan's ghost
  1703 | D:4      | Reached skill level 5 in Unarmed Combat
  1703 | D:4      | Reached XP level 6. HP: 54/62 MP: 5/5
  1886 | D:4      | Found a staircase to the Ecumenical Temple.
  1941 | D:4      | Reached skill level 6 in Unarmed Combat
  1941 | D:4      | Reached XP level 7. HP: 70/70 MP: 6/6
  2243 | D:5      | Entered Level 5 of the Dungeon
  2303 | D:5      | Noticed Eustachio
  2316 | D:5      | Killed Eustachio
  2363 | D:5      | Noticed Dowan
  2364 | D:5      | Noticed Duvessa
  2371 | D:5      | Killed Duvessa
  2373 | D:5      | Killed Dowan
  2373 | D:5      | Reached skill level 7 in Unarmed Combat
  2374 | D:5      | Reached XP level 8. HP: 79/79 MP: 7/7
  2419 | D:5      | Noticed Blork the orc
  2428 | D:5      | Killed Blork the orc
  2428 | D:5      | Reached *** piety under Trog
  2517 | D:5      | Noticed Glennnyy's ghost (novice GrFi)
  2538 | D:5      | Killed Glennnyy's ghost
  2538 | D:5      | Reached skill level 5 in Fighting
  2538 | D:5      | Reached skill level 8 in Unarmed Combat
  2641 | D:5      | Reached skill level 5 in Dodging
  3168 | D:6      | Noticed Pikel
  3178 | D:6      | Killed Pikel
  3178 | D:6      | Reached skill level 9 in Unarmed Combat
  3178 | D:6      | Reached XP level 9. HP: 67/89 MP: 8/8
  3722 | D:7      | Found Hoanotey's Jewellery Boutique.
  3957 | D:7      | Reached **** piety under Trog
  4251 | D:7      | Reached skill level 10 in Unarmed Combat
  4650 | D:8      | Noticed a two-headed ogre
  4655 | D:8      | Killed a two-headed ogre
  4655 | D:8      | Reached XP level 10. HP: 88/100 MP: 9/9
  4786 | D:8      | Received a gift from Trog
  4821 | D:8      | Found a staircase to the Lair.
  4968 | D:8      | Reached skill level 11 in Unarmed Combat
  5087 | D:8      | Noticed a two-headed ogre
  5095 | D:8      | Killed a two-headed ogre
  5325 | D:8      | You fall through a shaft for 2 floors!
  5325 | D:10     | Entered Level 10 of the Dungeon
  5547 | D:10     | Noticed Nergalle
  5553 | D:9      | Noticed Ekaitz's ghost (novice TrMo)
  5553 | D:9      | Noticed Psyche
  5557 | D:9      | Killed Psyche
  5557 | D:9      | Reached skill level 12 in Unarmed Combat
  5565 | D:9      | HP: 3/153 [Ekaitz's ghost (15)]
  5566 | D:9      | Killed Ekaitz's ghost
  5571 | D:9      | Hit by a tomahawk thrown by an orc

Skill      XL: |  1  2  3  4  5  6  7  8  9 10 |
---------------+-------------------------------+-----
Fighting       | 3 4 5 6 7 |  7.6
Unarmed Combat | 4 5 6 7 9 10 12 | 12.1
Dodging        | 3 4 5 6 7 |  7.5

Action                   |  1- 3 |  4- 6 |  7- 9 | 10-12 || total
-------------------------+-------+-------+-------+-------++-------
Melee: Unarmed           |    84 |    66 |   223 |   129 ||   502
       Punch             |     1 |     1 |    11 |     7 ||    20
Invok: Berserk           |       |     1 |     4 |     4 ||     9
       Burn Spellbooks   |       |       |       |     1 ||     1
       Brothers in Arms  |       |       |       |     1 ||     1
  Eat: Chunk             |    17 |     7 |    35 |    12 ||    71
Armor: Animal skin       |    30 |    24 |    49 |    44 ||   147
Dodge: Dodged            |    26 |    35 |   105 |    60 ||   226
